 Dungeon Crawl Stone Soup version 0.22.1-2-g9c5b331 (webtiles) character file.

59 HoaS the Ruffian (level 4, -3/29 HPs)
             Began as a Gargoyle Berserker on Dec 15, 2018.
             Was a Believer of Trog.
             Slain by a water moccasin (6 damage)
             ... on level 2 of the Dungeon.
             The game lasted 00:05:04 (1164 turns).

HoaS the Ruffian (Gargoyle Berserker)               Turns: 1164, Time: 00:05:04

Health: -3/29      AC:  6    Str: 21    XL:     4   Next: 3%
Magic:  4/4        EV: 12    Int:  7    God:    Trog [**....]
Gold:   87         SH:  0    Dex: 10    Spells: 3/3 levels left

rFire    . . .     SeeInvis .     - Unarmed
rCold    + . .     Gourm    .   (no shield)
rNeg     + . .     Faith    .   a - +0 animal skin
rPois    ∞         Spirit   .   (no helmet)
rElec    +         Reflect  .   (no cloak)
rCorr    .         Harm     .   (no gloves)
MR       .....                  g - +0 pair of boots
Stlth    +.........             (no amulet)
HPRegen  0.09/turn              e - ring of protection from cold
MPRegen  0.09/turn              (no ring)

@: no status effects
A: negative energy resistance 1, electricity resistance, unbreathing,
petrification resistance, rot immunity, AC +3
a: Berserk, Trog's Hand, Renounce Religion


You were on level 2 of the Dungeon.
You worshipped Trog.
Trog was pleased with you.
You were very hungry.

You visited 1 branch of the dungeon, and saw 2 of its levels.

You collected 87 gold pieces.

Inventory:

Missiles
 h - 22 stones (quivered)
Armour
 a - a +0 animal skin (worn)
 g - a +0 pair of boots (worn)
Jewellery
 e - a ring of protection from cold (left hand)
Scrolls
 c - 2 scrolls of teleportation
 i - 2 scrolls of remove curse
 j - a scroll of fear {unknown}
Potions
 d - 2 potions of heal wounds
 f - a potion of curing {unknown}
Comestibles
 b - 5 rations


   Skills:
 * Level 4.1 Fighting
 + Level 2.2 Armour
 + Level 1.6 Dodging
 * Level 4.1 Unarmed Combat


You had 3 spell levels left.
You didn't know any spells.
Your spell library was empty.

Dungeon Overview and Level Annotations

Branches:
Dungeon (2/15)

Altars:


Innate Abilities, Weirdness & Mutations

You are resistant to torment.
Your stone body is resilient. (AC +3)
You are immune to poison.
You resist negative energy. (rN+)
You are resistant to electric shocks. (rElec)
You can survive without breathing.
You are immune to petrification.
You are immune to rotting.


Message History

The water moccasin closely misses you.
You closely miss the water moccasin.
The water moccasin is severely wounded.
The water moccasin bites you but does no damage.
You hit the water moccasin.
The water moccasin is almost dead.
The water moccasin misses you. The water moccasin bites you!
* * * LOW HITPOINT WARNING * * *
You closely miss the water moccasin.
The water moccasin is almost dead.
The water moccasin bites you but does no damage.
You hit the water moccasin.
The water moccasin is almost dead.
You are feeling very hungry.
The water moccasin bites you but does no damage.
You miss the water moccasin.
The water moccasin is almost dead.
The water moccasin bites you but does no damage.
The water moccasin bites you.
You die...

......# ......# #.###..
..)##### ## #...#.
.......# ###........
..#.##.##..........
#.#.#..#..........#
#.#.#..#......[#..
#.#.#..#.......#[######
#......#...#.#..@.....#
###.##.#...#.#.#S####.##
.............#..........
###.##.#.#.....#........
#.##.........#.?......
#.####.#####.#.#......
#.........##.#.#......
########.##.#....#......
..... #.##.#....#######


You could see a water moccasin.

Vanquished Creatures
  2 adders (D:2)
  2 dart slugs (D:1)
  6 bats
  4 goblins (D:1)
  5 hobgoblins
  6 jackals (D:1)
  4 kobolds (D:1)
  2 ball pythons (D:1)
  2 frilled lizards
33 creatures vanquished.

Notes
Turn   | Place    | Note
-------+----------+-------------------------------------------
     0 | D:1      | HoaS the Gargoyle Berserker began the quest for the Orb.
     0 | D:1      | Reached XP level 1. HP: 14/14 MP: 1/1
    30 | D:1      | Reached XP level 2. HP: 15/19 MP: 2/2
   415 | D:1      | Reached XP level 3. HP: 19/24 MP: 3/3
   623 | D:1      | Reached ** piety under Trog
   969 | D:2      | Reached XP level 4. HP: 29/29 MP: 4/4
  1140 | D:2      | Noticed a water moccasin
  1164 | D:2      | Slain by a water moccasin

Skill      XL: |  1  2  3 |
---------------+----------+-----
Fighting       | 4 |  4.1
Unarmed Combat | 4 |  4.1
Armour         | |  2.2
Dodging        | |  1.6

Action                   |  1- 3 |  4- 6 || total
-------------------------+-------+-------++-------
Melee: Unarmed           |   126 |    30 ||   156
       Punch             |     2 |     1 ||     3
Invok: Berserk           |     1 |       ||     1
  Use: Scroll            |     4 |       ||     4
 Stab: Sleeping          |     1 |       ||     1
  Eat: Chunk             |     1 |       ||     1
Armor: Animal skin       |    62 |     9 ||    71
Dodge: Dodged            |    99 |    19 ||   118
